 Dungeon Crawl Stone Soup version 0.31.0-32-g396128a36d (webtiles) character file.

Game seed: 7521076491731873559

1812671 CardinalSin the Skinwalker (level 27, 261/261 HPs)
             Began as an Octopode Shapeshifter on Apr 14, 2024.
             Was an Initiate of Gozag.
             Escaped with the Orb
             ... and 3 runes on Apr 15, 2024!
             The game lasted 02:43:34 (60646 turns).

CardinalSin the Skinwalker (Octopode Shapeshifter) Turns: 60646, Time: 02:43:35

Health: 261/261    AC: 41    Str: 26    XL:     27
Magic:  35/35      EV: 26    Int: 36    God:    Gozag
Gold:   9499       SH: 27    Dex: 25    Spells: 9/42 levels left

rFire   + +          +
                       - Unarmed
rCold   + + .        b - +5 kite shield {AC+3}
rNeg    + + .        A - +2 hat {Will+}
rPois   ∞            i - amulet of Rophutun {Reflect Fly rPois rC+ SH+5}
rElec   +            e - ring "Poleng" {rF+ rCorr Str+5 Dex+6 Slay+3}
rCorr   +            W - ring of willpower
SInv    +            P - ring of Suspected Treachery {Fly rF+}
Will    ++++.        y - ring "Kiosyduz" {rC+ Int+6 SInv}
Stlth   ++           f - ring of Aderrutu {rPois rF+ Str+3 Slay+4 SInv}
HPRegen 0.63/turn    z - ring "Oxetyl" {rPois rF+ Will- Str+6 Dex+6}
MPRegen 0.24/turn    q - ring "Hero's Friend" {rF+ Int+2 Slay+4}
                     S - ring "Beopn" {rN+ Will+ Slay+2}

%: reflection
@: statue-form, flying, very slow
A: slow and powerful, torment resistance 1, boosted hp, almost no armour,
amphibious, 8 rings, camouflage 1, (gelatinous body 1), (nimble swimmer 1),
tentacles, clever 1, MP-powered wands
0: Orb of Zot
}: 3/15 runes: decaying, silver, gossamer
a: Begin Untransformation, Renounce Religion, Potion Petition, Call Merchant,
Bribe Branch


You escaped.
You worshipped Gozag.
Gozag was greatly pleased with you.
You were a living statue of rough stone.
You visited 11 branches of the dungeon, and saw 51 of its levels.
You visited 1 bazaar.
You also visited: Trove and Volcano.

You collected 30563 gold pieces.
You spent 11498 gold pieces at shops.
You paid 9566 gold pieces to Gozag.


Innate Abilities, Weirdness & Mutations

You are a living statue of rough stone.
Your actions are slow, but your melee attacks are powerful.
You are resistant to unholy torment.
Your maximum health is greatly increased.
You cannot wear most types of armour.
You are amphibious.
You can wear up to eight rings at the same time.
You are immune to poison.
Your skin changes colour to match your surroundings (Stealth+).
((Your rubbery body absorbs attacks. (AC +1, EV +1)))
((You are camouflaged when in or above water. (Stealth+)))
You have tentacles for arms and can constrict up to eight enemies at once.
Your mind is acute. (Int +4, Str/Dex -1)
You expend magic power (3 MP) to strengthen your wands.


   Skills:
 - Level 20.0 Fighting
 - Level 16.0 Dodging
 - Level 7.0 Stealth
 - Level 18.0 Shields
 - Level 20.0 Unarmed Combat
 - Level 8.0 Spellcasting
 - Level 7.0 Hexes
 - Level 7.0 Summonings
 - Level 18.0 Necromancy
 - Level 5.0 Translocations
 - Level 6.0 Earth Magic
 - Level 6.0 Evocations
 + Level 24.0 Shapeshifting


You had 9 spell levels left.
You knew the following spells:

 Your Spells              Type           Power      Damage    Failure   Level
a - Anguish               Hex/Necr       40%        N/A       1%          4
b - Borgnjor's Vile Clut  Necr/Erth      39%        N/A       1%          5
d - Death Channel         Necr           48%        N/A       1%          6
f - Fugue of the Fallen   Necr           97%        N/A       0%          3
m - Martyr's Knell        Necr/Summ      81%        N/A       1%          4
n - Apportation           Tloc           100%       N/A       1%          1
s - Summon Mana Viper     Hex/Summ       59%        N/A       6%          5
v - Vampiric Draining     Necr           97%        2d12      0%          3
B - Blink                 Tloc           100%       N/A       1%          2

Your spell library contained the following spells:

 Spells                   Type           Power      Damage    Failure   Level
 Necrotise                Necr           100%       1d9       0%          1
 Kiss of Death            Conj/Necr      100%       2d13      1%          1
 Slow                     Hex            100%       N/A       1%          1
 Summon Small Mammal      Summ           100%       N/A       1%          1
 Cigotuvi's Dreadful Rot  Necr/Alch/Air  100%       N/A       1%          2
 Ensorcelled Hibernation  Hex/Ice        78%        N/A       1%          2
 Jinxbite                 Hex            100%       N/A       1%          2
 Lesser Beckoning         Tloc           100%       N/A       1%          2
 Momentum Strike          Conj/Tloc      64%        3d9       1%          2
 Call Canine Familiar     Summ           59%        N/A       1%          3
 Confusing Touch          Hex            59%        N/A       1%          3
 Gell's Gravitas          Tloc           50%        N/A       1%          3
 Sigil of Binding         Hex            59%        N/A       1%          3
 Teleport Other           Tloc           50%        N/A       1%          3
 Tukima's Dance           Hex            59%        N/A       1%          3
 Cause Fear               Hex            29%        N/A       1%          4
 Dispel Undead            Necr           97%        3d30      1%          4
 Curse of Agony           Necr           97%        N/A       1%          5
 Dazzling Flash           Conj/Hex       78%        N/A       2%          3
 Inner Flame              Hex/Fire       39%        N/A       2%          3
 Summon Ice Beast         Ice/Summ       39%        N/A       2%          3
 Foxfire                  Conj/Fire      56%        2x1d6     3%          1
 Shock                    Conj/Air       56%        1d6       3%          1
 Sting                    Conj/Alch      56%        1d6       3%          1
 Stone Arrow              Conj/Erth      72%        3d11      3%          3
 Volatile Blastmotes      Fire/Tloc      64%        2d15      4%          3
 Manifold Assault         Tloc           50%        N/A       4%          4
 Passage of Golubria      Tloc           50%        N/A       4%          4
 Mercury Vapours          Alch/Air       28%        N/A       5%          2
 Scorch                   Fire           28%        2d6       5%          2
 Summon Blazeheart Golem  Fire/Summ      39%        N/A       9%          4
 Summon Lightning Spire   Summ/Air       39%        N/A       9%          4
 Lee's Rapid Deconstruct  Erth           27%        3d15*     9%          5
 Summon Forest            Summ/Tloc      27%        N/A       9%          5
 Frozen Ramparts          Ice            28%        1d5       11%         3
 Hailstorm                Conj/Ice       14%        3d6       11%         3
 Mephitic Cloud           Conj/Alch/Air  14%        N/A       11%         3
 Ozocubu's Armour         Ice            14%        N/A       11%         3
 Swiftness                Air            14%        N/A       11%         3
 Leda's Liquefaction      Alch/Erth      18%        N/A       11%         4
 Petrify                  Alch/Erth      36%        N/A       11%         4
 Iskenderun's Mystic Bla  Conj/Tloc      32%        2d8       13%         4
 Vhi's Electric Charge    Tloc/Air       64%        N/A       13%         4
 Metabolic Englaciation   Hex/Ice        19%        N/A       24%         5
 Silence                  Hex/Air        19%        N/A       24%         5
 Yara's Violent Unravell  Hex/Alch       19%        3d9       24%         5
 Summon Cactus Giant      Summ           29%        N/A       32%         6
 Airstrike                Air            7%         2d(1-17)  36%         4
 Flame Wave               Conj/Fire      14%        2d6       36%         4
 Fulminant Prism          Conj/Alch      7%         3d7       36%         4
 Ignite Poison            Fire/Alch      14%        N/A       36%         4
 Olgreb's Toxic Radiance  Alch           14%        N/A       36%         4
 Dispersal                Tloc           25%        N/A       58%         6
 Alistair's Intoxication  Alch           9%         N/A       71%         5
 Arcjolt                  Conj/Air       7%         1d17      71%         5
 Fireball                 Conj/Fire      7%         3d5       71%         5
 Freezing Cloud           Conj/Ice/Air   7%         6-21      71%         5
 Irradiate                Conj/Alch      7%         3d14      71%         5
 Bombard                  Conj/Erth      18%        9d4       86%         6
 Enfeeble                 Hex            29%        N/A       87%         7
 Monstrous Menagerie      Summ           29%        N/A       87%         7
 Summon Hydra             Summ           29%        N/A       87%         7
 Death's Door             Necr           48%        N/A       93%         9
 Malign Gateway           Summ/Tloc      27%        N/A       95%         7
 Conjure Ball Lightning   Conj/Air       7%         3x3d6     99%         6
 Eringya's Noxious Bog    Alch           7%         4d6       99%         6
 Plasma Beam              Fire/Air       7%         2x1d17    99%         6
 Sculpt Simulacrum        Ice/Alch       7%         N/A       99%         6
 Starburst                Conj/Fire      7%         6d4       99%         6
 Orb of Destruction       Conj           7%         9d6       100%        7
 Spellforged Servitor     Conj/Summ      19%        N/A       100%        7
 Discord                  Hex            29%        N/A       100%        8
 Disjunction              Tloc           25%        N/A       100%        8
 Ignition                 Fire           7%         3d4       100%        8
 Lehudib's Crystal Spear  Conj/Erth      18%        10d5      100%        8
 Maxwell's Capacitive Co  Air            7%         ∞         100%        8
 Summon Horrible Things   Summ           29%        N/A       100%        8
 Dragon's Call            Summ           29%        N/A       100%        9
 Fire Storm               Conj/Fire      7%         8d2       100%        9
 Sublimation of Blood     Necr           Unusable   N/A       N/A         2
 Animate Armour           Summ/Erth      Unusable   N/A       N/A         4

Inventory:

Missiles
 n - 2 throwing nets {=f}
 V - 10 curare-tipped darts {=f}
Armour
 b - a +5 kite shield of protection (worn)
 A - a +2 hat of willpower (worn)
Jewellery
 c - the ring "Biepeten" {Fire rN+ Int+3 Stlth+}
   (You found it on level 3 of the Depths)

   [ring of fire]

   Fire:      It enhances your fire magic.
   Int+3:     It affects your intelligence (+3).
   rF+:       It protects you from fire.
   rC-:       It makes you vulnerable to cold.
   rN+:       It protects you from negative energy.
   Stlth+:    It makes you more stealthy.
 e - the ring "Poleng" (left tentacle) {rF+ rCorr Str+5 Dex+6 Slay+3}
   (You found it on level 1 of the Vaults)

   [ring of dexterity]

   Str+5:     It affects your strength (+5).
   Dex+6:     It affects your dexterity (+6).
   Slay+3:    It affects your accuracy & damage with ranged weapons and melee
   (+3).
   rF+:       It protects you from fire.
   rCorr:     It protects you from acid and corrosion.
 f - the ring of Aderrutu (on tentacle) {rPois rF+ Str+3 Slay+4 SInv}
   (You found it in a treasure trove)

   [ring of slaying]

   Str+3:     It affects your strength (+3).
   Slay+4:    It affects your accuracy & damage with ranged weapons and melee
   (+4).
   rF+:       It protects you from fire.
   rPois:     It protects you from poison SInv: It lets you see invisible.
 i - the amulet of Rophutun (around mantle) {Reflect Fly rPois rC+ SH+5}
   (You found it on level 3 of the Elven Halls)

   [amulet of reflection]

   Reflect:   It reflects blocked missile attacks.
   rC+:       It protects you from cold.
   rPois:     It protects you from poison Fly: It grants you flight.
   SH+5:      It affects your SH (+5).
 q - the ring "Hero's Friend" (on tentacle) {rF+ Int+2 Slay+4}
   (You found it in a treasure trove)

   [ring of slaying]

   Int+2:     It affects your intelligence (+2).
   Slay+4:    It affects your accuracy & damage with ranged weapons and melee
   (+4).
   rF+:       It protects you from fire.
 y - the ring "Kiosyduz" (on tentacle) {rC+ Int+6 SInv}
   (You found it in a treasure trove)

   [ring of intelligence]

   Int+6:     It affects your intelligence (+6).
   rC+:       It protects you from cold.
   SInv:      It lets you see invisible.
 z - the ring "Oxetyl" (on tentacle) {rPois rF+ Will- Str+6 Dex+6}
   (You bought it in a shop on level 14 of the Dungeon)

   [ring of dexterity]

   Str+6:     It affects your strength (+6).
   Dex+6:     It affects your dexterity (+6).
   rF+:       It protects you from fire.
   rPois:     It protects you from poison Will-: It decreases your willpower.
 E - a +5 ring of evasion
 P - the ring of Suspected Treachery (on tentacle) {Fly rF+}
   (You found it on level 3 of the Lair of Beasts)

   [ring of flight]

   rF+:       It protects you from fire.
   Fly:       It grants you flight.
 S - the ring "Beopn" (on tentacle) {rN+ Will+ Slay+2}
   (You bought it in a shop on level 2 of the Elven Halls)

   [ring of positive energy]

   Slay+2:    It affects your accuracy & damage with ranged weapons and melee
   (+2).
   rN+:       It protects you from negative energy.
   Will+:     It increases your willpower.
 W - a ring of willpower (right tentacle)
Talismans
 v - a talisman of death
 I - a granite talisman (active)
Wands
 l - a wand of digging (7)
 r - a wand of charming (5)
 w - a wand of flame (126)
 K - a wand of light (28)
 L - a wand of iceblast (47)
 M - a wand of mindburst (22)
Scrolls
 d - 7 scrolls of fear
 j - 2 scrolls of silence {!r}
 k - 23 scrolls of teleportation {@r2}
 o - 8 scrolls of vulnerability
 p - 11 scrolls of amnesia
 s - 9 scrolls of poison
 t - a scroll of enchant armour
 u - 7 scrolls of revelation
 C - 2 scrolls of blinking
 F - 2 scrolls of torment
 Q - 4 scrolls of fog
 X - 11 scrolls of immolation
Potions
 a - 10 potions of lignification
 g - 5 potions of heal wounds {@q2}
 h - 17 potions of curing {@q1}
 m - 6 potions of haste {@q3}
 x - 6 potions of brilliance
 B - 3 potions of resistance
 D - 8 potions of magic
 G - 4 potions of cancellation
 H - 8 potions of might
 J - 2 potions of attraction
 R - 5 potions of enlightenment
 U - 5 potions of invisibility
 Y - 5 potions of berserk rage {!q}
 Z - 6 potions of mutation
Miscellaneous
 N - a phial of floods
 O - a tin of tremorstones (2/2)

Dungeon Overview and Level Annotations

Branches:
Dungeon (15/15)            Temple (0/1) D:5            Lair (5/5) D:11
  Swamp (4/4) Lair:2       Spider (4/4) Lair:3        Slime (0/5) Lair:4
    Orc (2/2) D:12            Elf (3/3) Orc:2        Vaults (5/5) D:14
  Crypt (3/3) Vaults:3       Tomb (0/3) Crypt:3      Depths (4/4) D:15
   Hell (visited)             Dis (0/7) Hell            Geh (0/7) Hell
    Coc (0/7) Hell            Tar (0/7) Hell            Zot (5/5) Depths:4
Volcano (visited)

Altars:
Ashenzari
Cheibriados
Dithmenos
Gozag
Kikubaaqudgha
Makhleb
Ru
Sif Muna
Uskayaw
Vehumet
Xom
Yredelemnul
Zin

Shops:
D:1 [   D:8 =   D:14 *==(   D:15 **   Orc:2 ***   Elf:2 (:(*=?   Elf:3 ([[[[
Vaults:1 ?*?   Vaults:3 *   Vaults:5 ![(!?   Depths:3 *   Depths:4 *[[*

Portals:
Hell: Depths:1 Depths:2 Depths:3 Depths:4
Abyss: Depths:3
Pandemonium: Depths:2 Depths:3
Ziggurat: Depths:3

Annotations:
D:3 3 runed translucent doors, Fractals's ghost, amateur DsSh
D:5 exclusion: upstairs
D:6 exclusions: Dowan and Duvessa
D:7 3 runed translucent doors, Seabass1289's ghost, novice TeCj
Lair:1 2 transporters, Xoai's ghost, novice SpEE
Spider:1 drcatpants2's ghost, adept HOBe
Elf:2 1 runed translucent door, panicmichael's ghost, adept SpAl
Zot:4 Josephina
Zot:5 1 exclusion

#.# #.# #.#
#.# #### #.#
#..## #.#
#.#.### #.#
#.#...#####.#
#.#.8..#....#
#.#...#'.####
#.8####'.#
#.####.###
##....##
######


There were no monsters in sight!


Message History

Qebb is severely wounded.
Qebb gestures.
You thrash Qebb!!!!
You kill Qebb!
The rust devil disappears in a puff of smoke!
Your Shapeshifting skill increases to level 24!
Unknown command.
You now have 9499 gold pieces (gained 27).
You see here a +0 trident.
A demonic crawler comes into view.
You block the demonic crawler's attack. x3
You thrash the demonic crawler!!! You tentacle-slap the demonic crawler!
You kill the demonic crawler!
No target in view!
A smoke demon comes into view.
The smoke demon misses you. You block the smoke demon's attack. x3
The smoke demon barely misses you. The smoke demon closely misses you.
You barely miss the smoke demon. You closely miss the smoke demon.
You block the smoke demon's attack. x2
The smoke demon completely misses you.
You tentacle-slap the smoke demon but do no damage.
The smoke demon gestures at you. The ball of steam misses you.
You batter the smoke demon!! You squeeze the smoke demon.
You kill the smoke demon!
No target in view!
There is a large open door here.
There is a staircase leading out of the dungeon here.
Unknown command.
You have escaped!

Skill      XL: |  1  2  3  4  5  6  7  8  9 10 11 12 13 14 15 16 17 18 19 20 21 22 23 24 25 26 27 |
---------------+----------------------------------------------------------------------------------+-----
Fighting       | 2 3 4 5 6 7 8 9 11 13 14 15 16 17 18 19 20 | 20.0
Spellcasting   | 1 2 3 6 7 8 |  8.0
Evocations     | 1 2 4 5 6 |  6.0
Unarmed Combat | 4 5 7 10 11 13 14 16 18 19 20 | 20.0
Shapeshifting  | 4 5 7 9 12 14 15 16 19 24 | 24.0
Dodging        | 5 6 7 8 9 15 16 | 16.0
Necromancy     | 4 5 7 8 9 11 15 16 17 18 | 18.0
Shields        | 4 7 10 11 13 15 16 17 18 | 18.0
Summonings     | 6 7 |  7.0
Translocations | 1 2 4 5 |  5.0
Stealth        | 5 6 7 |  7.0
Earth Magic    | 6 |  6.0
Hexes          | 6 7 |  7.0

Action                     |  1- 3 |  4- 6 |  7- 9 | 10-12 | 13-15 | 16-18 | 19-21 | 22-24 | 25-27 || total
---------------------------+-------+-------+-------+-------+-------+-------+-------+-------+-------++-------
  Melee: Unarmed           |    90 |   101 |   291 |   544 |   972 |  1329 |  1022 |   838 |   642 ||  5829
         Tentacles         |    18 |    20 |    83 |   160 |   310 |   403 |   308 |   301 |   196 ||  1799
         Constrict         |    21 |    20 |    71 |    77 |   145 |   234 |   154 |   153 |   120 ||   995
         Punch             |     2 |     1 |     7 |    32 |    86 |   175 |   128 |   152 |   124 ||   707
         Maw               |       |       |       |    94 |       |       |       |       |       ||    94
   Cast: Fugue of the Fall |       |       |       |    13 |    30 |    59 |    47 |    30 |    21 ||   200
         Death Channel     |       |       |       |       |       |       |    41 |    16 |    24 ||    81
         Martyr's Knell    |       |       |       |       |       |       |       |    12 |     3 ||    15
         Anguish           |       |       |       |       |       |       |       |     4 |       ||     4
         Borgnjor's Vile C |       |       |       |       |       |       |       |     2 |     2 ||     4
         Summon Mana Viper |       |       |       |       |       |       |       |       |     1 ||     1
 Invoke: Potion Petition   |       |       |       |       |     1 |       |       |       |       ||     1
         Bribe Branch      |       |       |       |       |       |       |       |       |     3 ||     3
  Evoke: Wand              |       |       |     5 |     7 |     4 |       |       |       |     4 ||    20
         Tin of tremorston |       |       |       |       |       |     2 |       |       |       ||     2
    Use: Scroll            |       |     5 |     1 |     7 |    25 |     5 |     1 |       |    10 ||    54
         Potion            |       |       |     2 |     3 |     5 |     2 |     3 |     7 |     9 ||    31
   Stab: Sleeping          |    10 |     4 |     2 |     4 |     5 |     7 |    20 |    20 |    13 ||    85
         Distracted        |       |       |     2 |     6 |     7 |    11 |    25 |    27 |    25 ||   103
         Invisible         |       |       |       |     4 |     3 |       |       |     4 |       ||    11
 Armour: Skin              |    18 |    34 |   125 |   264 |   768 |   854 |   526 |   331 |   429 ||  3349
  Dodge: Dodged            |    46 |    79 |   288 |   591 |  1067 |  1703 |   968 |   561 |   598 ||  5901
  Block: Buckler           |       |       |       |    21 |   111 |       |       |       |       ||   132
         Kite shield       |       |       |       |       |  1162 |  2068 |  1410 |  1131 |   852 ||  6623
         Reflection        |       |       |       |       |       |       |    33 |    18 |    19 ||    70
   Form: Flux              |       |       |     1 |     2 |       |       |       |       |       ||     3
         Maw               |       |       |       |     2 |       |       |       |       |       ||     2
         Statue            |       |       |       |     1 |       |       |       |       |       ||     1

Levels and vault maps discovered:
D:1:      saegor_arrival_simple_e, layout_basic, serial_shops, shop_fountains,
          minmay_tromino_v2
D:2:      minmay_angry_zag, layout_basic, minmay_misc_feat_nine_boxes,
          hex_intersection, chequers_jeans, minmay_statues_item,
          kennysheep_path_1
D:3:      layout_rooms, nicolae_overflow_hallway_of_the_gods,
          gammafunk_ghost_necromancy, kennysheep_donut,
          chequers_serial_rivers_small_b, minmay_divided_ellipse
D:4:      layout_basic, nicolae_ossuary_entry_false_entrances,
          minmay_three_crescents, uniq_blork_the_orc, uniq_crazy_yiuf_cottage
D:5:      minmay_razor_zed, layout_rooms, minmay_temple_entry_statues_pillars,
          uniq_ijyb
D:6:      cheibrodos_two_vegetables, layout_cave_pods, bloody_makhleb,
          serial_demonic, serial_demonic_e, serial_demonic_e, serial_demonic_e,
          serial_demonic_f, serial_demonic_d, serial_demonic_f,
          serial_demonic_c, serial_demonic_a, sword_in_stone, uniq_duvessa,
          uniq_sigmund
D:7:      layout_loops_ring, ebering_ghost_gozag, grunt_ministairs_8
D:8:      layout_rooms, serial_shops, shop
D:9:      layout_roguey, serial_library_hellmonk_octagon
D:10:     layout_layer_cave, uniq_nergalle
D:11:     cheibrodos_ideogram_h, layout_rooms, minmay_microvault, uniq_psyche
D:12:     layout_small_grid, orc_0_dummy, enter_trove_2, nicolae_ru_awakened_eye
D:13:     layout_roguey, uniq_erolcha
D:14:     layout_irregular_city, david_vaults_3, serial_shops,
          bzr_entry_customers, nicolae_shop_waterfront,
          nicolae_shop_rolling_square, shop, shop,
          nicolae_dithmenos_shadow_blocks
D:15:     gammafunk_enter_depths_forms, layout_irregular_city,
          serial_bayou_pond_d, nicolae_specific_store
Lair:1:   layout_gridlike, gauntlet_entry_generic, special_room
          [special_room_bee], gammafunk_ghost_arena, uniq_prince_ribbit2
Lair:2:   layout_regular_city, mainiacjoe_swamp_entry_angry_trees,
          lemuel_fruit_tree, grunt_megastairs_2
Lair:3:   layout_hall_layers, nicolae_spider_entry_orb_guardian, enter_volcano_1
Lair:4:   layout_cave_shapes, minmay_slime_entry_pillars
Lair:5:   minmay_lair_end_frog_pond, layout_regular_city
Swamp:1:  layout_basic_swamp, serial_swamp_ruin, evilmike_swamp_ruin_wall,
          evilmike_swamp_ruin_house_5
Swamp:2:  layout_basic_swamp, nicolae_swamp_dense_foliage, lightli_tree_ring,
          nicolae_swamp_tree_isthmus
Swamp:3:  layout_basic_swamp, evilmike_swamp_ruin_rubble_2, swamp_pool_1_2,
          uniq_aizul
Swamp:4:  swamp_fiery, layout_basic_swamp
Spider:1: lemuel_spider_zombies, portal_ice_cave_entry_ugly_swarm,
          gammafunk_ghost_tricky_traps
Spider:2: layout_spider_delve, hangedman_spider_tarantella_strand
Spider:3: nicolae_spider_corner, uniq_jorgrun, uniq_mlioglotl
Spider:4: grunt_spider_rune_circles, ebering_ghost_rock_garden
Orc:1:    layout_diamond_mine
Orc:2:    st_orc_town, layout_diamond_mine, uniq_maurice
Elf:1:    layout_geoelf_grid, gammafunk_ghost_cemetery,
          hangedman_elven_crosses_minicolossus, minmay_strange_pillars,
          grunt_megastairs_3
Elf:2:    nicolae_elf_blades_splatter_lattice
          [nicolae_blade_entry_hurt_lockers], layout_gridlike, serial_shops,
          nicolae_stop_n_shop_1, ebering_ghost_xom, nicolae_wooded_promenade,
          serial_sigils_hangedman_writhe, minmay_misc_feat_alley
Elf:3:    grunt_elf_hall_spiral, layout_geoelf_octagon, serial_shops, shop,
          shop, nicolae_shop_getting_attention, shop, shop,
          nicolae_elf_glass_and_crystal_pillar_1
Vaults:1: vaults_dpeg_hooks, nicolae_vaults_what_the_h,
          ontoclasm_vaults_gateway, nicolae_vaults_trapezoid_lopsided_1,
          nicolae_vaults_mini_display_case, ontoclasm_vaults_claustrophobia,
          nicolae_vaults_cornered_office, v_alt_pattern_4, v_misc_17,
          nicolae_vaults_closet_pinwheel_6, nicolae_vaults_little_squares_6,
          dpeg_vaults_monster_box, nicolae_vaults_hallways_thing,
          hangedman_vaults_maws, layout_vaults_omnicross, serial_shops,
          nicolae_shop_tiny_waterfront, nicolae_shop_trees, shop, uniq_asterion
Vaults:2: nicolae_vaults_doubleplus_tesselated, vaults_room_corners,
          nicolae_vaults_storage_room_water, vaults_room_semicircle,
          v_pattern_1, nicolae_vaults_border_crossing, nicolae_vaults_six-pack,
          nicolae_vaults_trapezoid_lopsided_1, layout_vaults_omnigrid
Vaults:3: v_rooms_5, nicolae_vaults_little_squares_2,
          nicolae_vaults_ellipses_ellipsis, v_misc_11,
          nicolae_vaults_angled_halls, nicolae_vaults_mitosis,
          nicolae_vaults_tetromino_T_2, v_pattern_3,
          vaults_mumra_minichess_inversion, v_misc_16,
          vaults_dpeg_emergency_exit, nicolae_vaults_tetromino_Z_1,
          layout_vaults_omnibox, minmay_crypt_entry_simple_statues,
          serial_shops, shop
Vaults:4: ontoclasm_vaults_chip, nicolae_vaults_octothorpe,
          nicolae_vaults_sightless_eye, v_misc_2, vaults_room_fours,
          grunt_vaults_hallway_long, nicolae_vaults_more_shelving_2,
          nicolae_vaults_frosty_reception, vaults_room_grid,
          vaults_room_semicircle, layout_vaults_maze_bifur
Vaults:5: uniq_sojobo, uniq_xtahua
Crypt:1:  layout_rooms, basic_altar, lemuel_mausoleum_altar_yredelemnul,
          grunt_crypt_arrival_webbed
Crypt:2:  layout_catacombs, serial_glass, glass_columns_a, glass_columns_c,
          glass_columns_a, glass_columns_a, glass_columns_a, glass_columns_c,
          glass_columns_a, glass_columns_b
Crypt:3:  quadcrypt_mu
Depths:1: layout_long_grid, kennysheep_minor_cross,
          nicolae_hell_entry_hellmouth_sunbeams, zin_treasury, uniq_saint_roka,
          uniq_mara
Depths:2: regret_index_uskayaw_diablada_macabre, layout_basic,
          pf_hell_entry_tar_spiral, grunt_pan_entry_in_and_out,
          ebering_dispersal_statue_hall, uniq_boris
Depths:3: minmay_stepped, layout_small_grid, enter_ziggurat_b,
          nicolae_uskayaw_dance_hall, hangedman_coc_ice_floe,
          rand_demon_pan_entry_4, serial_shops, nicolae_take_the_stairs,
          hangedman_abyss_entry_splay, serial_bayou_shore_b
Depths:4: evilmike_zot_entry_basic, layout_honeycomb, hell_entry,
          serial_bayou_shore_b, minmay_shoptagon, serial_bayou_shore_b
Hell
Zot:1:    layout_misc_corridors, regret_index_zotdec_slimy_original
Zot:2:    layout_cellular_growth
Zot:3:    dreamdust_zin_vs_xom, layout_misc_corridors
Zot:4:    layout_gridlike, hangedman_zot_decor_scrapings, uniq_josephina
Zot:5:    layout_gridville

Notes
Turn   | Place    | Note
-------+----------+-------------------------------------------
     0 | D:1      | CardinalSin the Octopode Shapeshifter began the quest for
                  | the Orb.
     0 | D:1      | Reached XP level 1. HP: 13/13 MP: 1/1
   125 | D:1      | Reached skill level 2 in Fighting
   125 | D:1      | Reached XP level 2. HP: 19/19 MP: 2/2
   365 | D:1      | Found Yder's Antique Armour Shoppe.
   391 | D:1      | Reached XP level 3. HP: 19/25 MP: 3/3
   775 | D:2      | Reached skill level 3 in Fighting
  1737 | D:3      | Reached XP level 4. HP: 33/33 MP: 4/4
  1745 | D:3      | Found a radiant altar of Vehumet.
  1745 | D:3      | Found a broken altar of Ashenzari.
  1755 | D:3      | Found a sacrificial altar of Ru.
  1762 | D:3      | Found an opulent altar of Gozag.
  1767 | D:3      | Found a snail-covered altar of Cheibriados.
  1770 | D:3      | Became a worshipper of Gozag Ym Sagoz the Greedy
  1775 | D:3      | Found a shimmering blue altar of Sif Muna.
  1853 | D:3      | You fall into a shaft and drop 2 floors!
  1853 | D:5      | Entered Level 5 of the Dungeon
  1923 | D:5      | Noticed Ijyb
  1977 | D:5      | Reached skill level 4 in Fighting
  1977 | D:5      | Reached skill level 1 in Spellcasting
  2028 | D:3      | Reached skill level 1 in Evocations
  2139 | D:4      | Reached XP level 5. HP: 37/37 MP: 6/6
  2256 | D:4      | Noticed a black bear
  2259 | D:3      | Reached skill level 2 in Evocations
  2492 | D:3      | Reached skill level 5 in Fighting
  2564 | D:3      | Found a runed translucent gate.
  2564 | D:3      | Found a runed translucent gate.
  2564 | D:3      | Found a runed translucent gate.
  2570 | D:3      | Noticed Fractals's ghost (amateur DsSh)
  2747 | D:4      | Noticed Blork the orc
  2756 | D:4      | Reached XP level 6. HP: 45/45 MP: 7/7
  2775 | D:4      | Killed Blork the orc
  2776 | D:4      | Reached skill level 4 in Unarmed Combat
  3038 | D:3      | Noticed an ice beast
  3055 | D:3      | Killed an ice beast
  3056 | D:3      | Reached skill level 4 in Shapeshifting
  3062 | D:3      | Reached XP level 7. HP: 35/50 MP: 8/8
  3263 | D:4      | Reached skill level 6 in Fighting
  3865 | D:5      | Killed Ijyb
  3925 | D:5      | Found a staircase to the Ecumenical Temple.
  3947 | D:5      | Identified the ring "Banen" {Fly rN+}
  3988 | D:5      | Reached skill level 5 in Shapeshifting
  3988 | D:5      | Found the +0 toga "Victory" {*Victory Clar}
  4011 | D:5      | Reached XP level 8. HP: 56/57 MP: 9/9
  4029 | D:5      | Reached skill level 6 in Shapeshifting
  4305 | D:5      | Reached skill level 7 in Shapeshifting
  4373 | D:5      | Identified the ring "Ison" {Ice rCorr Str+8 Int-3 Dex-2}
  4642 | D:6      | Noticed Duvessa
  4642 | D:6      | Noticed Dowan
  4770 | D:6      | Reached skill level 5 in Unarmed Combat
  4774 | D:6      | Reached skill level 7 in Fighting
  4783 | D:5      | Reached XP level 9. HP: 47/64 MP: 10/10
  4929 | D:6      | Noticed Sigmund
  5054 | D:6      | Killed Sigmund
  5055 | D:6      | Reached skill level 6 in Unarmed Combat
  5322 | D:6      | Reached skill level 7 in Unarmed Combat
  5340 | D:6      | Noticed a white ugly thing
  5484 | D:6      | Killed Dowan
  5506 | D:6      | Killed Duvessa
  5507 | D:6      | Reached skill level 3 in Dodging
  5704 | D:6      | Reached skill level 4 in Dodging
  5759 | D:6      | Found a burning altar of Makhleb.
  6179 | D:6      | Reached skill level 5 in Dodging
  6228 | D:6      | Reached skill level 3 in Evocations
  6235 | D:6      | Reached skill level 4 in Evocations
  6747 | D:6      | Killed a cyan ugly thing
  6748 | D:6      | Reached skill level 8 in Fighting
  6748 | D:6      | Reached XP level 10. HP: 56/73 MP: 11/11
  7117 | D:7      | Found a runed translucent gate.
  7117 | D:7      | Found a runed translucent gate.
  7118 | D:7      | Found a runed translucent gate.
  7118 | D:7      | Found an opulent altar of Gozag.
  7181 | D:7      | Learned a level 3 spell: Fugue of the Fallen
  7267 | D:7      | Reached skill level 9 in Fighting
  7271 | D:7      | Reached skill level 1 in Necromancy
  7420 | D:7      | Reached skill level 2 in Necromancy
  7603 | D:7      | Noticed a brown ugly thing
  7603 | D:7      | Noticed a red ugly thing
  7603 | D:7      | Noticed Seabass1289's ghost (novice TeCj)
  7884 | D:8      | Found Goics's Jewellery Emporium.
  8048 | D:8      | Bought a granite talisman for 900 gold pieces
  8218 | D:8      | Identified the maw talisman "Xovak" {*Slow Will+ rCorr}
  8507 | D:8      | Reached skill level 3 in Necromancy
  8859 | D:9      | Noticed a manticore
  9075 | D:9      | Killed a manticore
  9156 | D:9      | Reached skill level 4 in Necromancy
  9237 | D:9      | Reached skill level 8 in Shapeshifting
  9364 | D:9      | Noticed a kobold demonologist
  9365 | D:9      | Noticed an orange demon
  9377 | D:9      | Noticed a smoke demon
  9387 | D:9      | Killed a kobold demonologist
  9560 | D:9      | Noticed a deep elf pyromancer
  9568 | D:9      | Killed a deep elf pyromancer
  9569 | D:9      | Reached skill level 9 in Shapeshifting
  9569 | D:9      | Reached XP level 11. HP: 46/80 MP: 12/12
  9683 | D:9      | Noticed a two-headed ogre
  9692 | D:9      | Killed a two-headed ogre
  9787 | D:9      | Reached skill level 10 in Shapeshifting
  9937 | D:10     | Entered Level 10 of the Dungeon
 10357 | D:10     | Noticed Nergalle
 10378 | D:9      | Killed Nergalle
 10379 | D:9      | Reached skill level 11 in Shapeshifting
 11354 | D:11     | Noticed a deep elf pyromancer
 11356 | D:11     | Noticed a two-headed ogre
 11356 | D:11     | Noticed a manticore
 11365 | D:11     | Killed a two-headed ogre
 11377 | D:11     | Killed a manticore
 11413 | D:11     | Noticed a two-headed ogre
 11435 | D:11     | Reached skill level 12 in Shapeshifting
 11475 | D:11     | Killed a two-headed ogre
 11521 | D:11     | Noticed a two-headed ogre
 11534 | D:11     | Killed a two-headed ogre
 11535 | D:11     | Reached XP level 12. HP: 40/85 MP: 10/13
 11602 | D:11     | Reached skill level 13 in Shapeshifting
 11867 | D:11     | Identified a potion of resistance
 11992 | D:11     | Reached skill level 14 in Shapeshifting
 12190 | D:11     | Noticed a two-headed ogre
 12195 | D:11     | Killed a two-headed ogre
 12279 | D:11     | Found a staircase to the Lair.
 12309 | D:11     | Noticed Psyche
 12316 | D:11     | Killed Psyche
 12585 | Lair:1   | Entered Level 1 of the Lair of Beasts
 12607 | Lair:1   | Reached skill level 1 in Shields
 12703 | Lair:1   | Found a transporter.
 12707 | Lair:1   | Noticed Xoai's ghost (novice SpEE)
 12716 | Lair:1   | Found a transporter.
 12721 | Lair:1   | Noticed Prince Ribbit
 12726 | Lair:1   | Reached skill level 2 in Shields
 12732 | Lair:1   | Killed Prince Ribbit
 12846 | Lair:1   | Reached skill level 3 in Shields
 13139 | Lair:1   | Reached skill level 4 in Shields
 13139 | Lair:1   | Reached XP level 13. HP: 90/90 MP: 14/14
 13433 | Lair:1   | Reached skill level 15 in Shapeshifting
 13469 | Lair:1   | Reached skill level 2 in Spellcasting
 13833 | Lair:2   | Reached skill level 5 in Necromancy
 13847 | Lair:2   | Reached skill level 5 in Shields
 14099 | Lair:2   | Found a staircase to the Swamp.
 14332 | Lair:2   | Reached skill level 6 in Shields
 15163 | Lair:2   | Reached skill level 7 in Shields
 15176 | Lair:2   | Identified a scroll of acquirement
 15176 | Lair:2   | Acquired 755 gold pieces
 15688 | Lair:3   | Found a dark tunnel.
 15691 | Lair:3   | Identified the ring of Suspected Treachery {Fly rF+}
 15703 | Volcano  | Entered a volcano
 15831 | Volcano  | Found a burning altar of Makhleb.
 15897 | Volcano  | Noticed a red draconian
 15915 | Volcano  | Killed a red draconian
 16176 | Lair:3   | Reached XP level 14. HP: 98/98 MP: 14/17
 16180 | Lair:3   | Reached skill level 16 in Shapeshifting
 16188 | Lair:3   | Reached skill level 10 in Fighting
 16203 | Lair:3   | Reached skill level 8 in Shields
 16209 | Lair:3   | Reached skill level 8 in Unarmed Combat
 16346 | Lair:3   | Found a hole to the Spider Nest.
 16995 | Lair:4   | Found a staircase to the Slime Pits.
 17147 | Lair:4   | Reached skill level 9 in Shields
 17172 | Lair:4   | Reached skill level 9 in Unarmed Combat
 17179 | Lair:4   | Reached skill level 11 in Fighting
 17452 | Lair:5   | Entered Level 5 of the Lair of Beasts
 17783 | Lair:5   | Reached skill level 10 in Shields
 17791 | Lair:5   | Reached skill level 10 in Unarmed Combat
 17803 | Lair:5   | Found the +2 Maxwell's thermic engine {flame, freeze, rev}
 17942 | Lair:5   | Identified the +0 war axe of the Turnip {spect, ^Fragile
                  | rC+ rCorr Int+3}
 18731 | D:12     | Reached XP level 15. HP: 106/106 MP: 18/18
 18735 | D:12     | Learned a level 3 spell: Vampiric Draining
 18881 | D:12     | Found a sacrificial altar of Ru.
 18948 | D:12     | Found a portal to a secret trove of treasure.
 19554 | D:12     | Found a staircase to the Orcish Mines.
 19598 | D:13     | Noticed Erolcha
 19603 | D:13     | Killed Erolcha
 19604 | D:13     | Reached skill level 11 in Shields
 19604 | D:13     | Reached skill level 11 in Unarmed Combat
 19658 | D:13     | Reached skill level 6 in Necromancy
 20178 | D:14     | Noticed Rupert
 20178 | D:14     | Found a gate to the Vaults.
 20294 | D:13     | Killed Rupert
 20351 | D:14     | Reached skill level 6 in Dodging
 20378 | D:14     | Reached skill level 7 in Necromancy
 20410 | D:14     | Found Figo Afu's Jewellery Shoppe.
 20440 | D:14     | Found a flickering gateway to a bazaar.
 20457 | Bazaar   | Entered a bazaar
 20487 | Bazaar   | Found Longawogunt's General Store.
 20509 | Bazaar   | Found Luojux's General Store.
 20516 | Bazaar   | Bought a scroll of teleportation for 27 gold pieces
 20516 | Bazaar   | Found Wepsah's Weapon Shop.
 20523 | Bazaar   | Found Wiockuih's Book Shop.
 20531 | Bazaar   | Bought a book of Dangerous Friends for 546 gold pieces
 20531 | Bazaar   | Bought a book of Scorching for 390 gold pieces
 20790 | D:14     | Found Keqan's Weapon Boutique.
 21047 | D:14     | Found a shadowy altar of Dithmenos.
 21149 | D:14     | Found Napt's Jewellery Emporium.
 21155 | D:14     | Bought a +4 ring of protection for 576 gold pieces
 21156 | D:14     | Bought a +5 ring of evasion for 576 gold pieces
 21156 | D:14     | Bought a +4 ring of protection for 576 gold pieces
 21156 | D:14     | Bought a ring of see invisible for 240 gold pieces
 21271 | D:14     | Found Qikava Ytto's General Store.
 21279 | D:14     | Bought a scroll of teleportation for 57 gold pieces
 21279 | D:14     | Bought a potion of invisibility for 152 gold pieces
 21438 | D:15     | Entered Level 15 of the Dungeon
 21598 | D:15     | Found Pobiguf's General Store.
 21600 | D:15     | Found Fopriecy's Specific Store.
 21821 | D:15     | Reached XP level 16. HP: 114/114 MP: 15/19
 21920 | D:15     | Reached skill level 12 in Fighting
 21955 | D:15     | Reached skill level 12 in Shields
 21955 | D:15     | Reached skill level 12 in Unarmed Combat
 21960 | D:15     | Reached skill level 8 in Necromancy
 22110 | D:15     | Found a staircase to the Depths.
 22417 | Swamp:1  | Entered Level 1 of the Swamp
 23613 | Swamp:3  | Identified the serpent talisman "Zeucw" {rElec Will+++
                  | Stlth-}
 23613 | Swamp:3  | Noticed Aizul
 23631 | Swamp:3  | Killed Aizul
 23757 | Swamp:3  | Reached skill level 13 in Fighting
 23822 | Swamp:3  | Reached skill level 13 in Shields
 23822 | Swamp:3  | Reached skill level 13 in Unarmed Combat
 24056 | Swamp:4  | Entered Level 4 of the Swamp
 24200 | Swamp:4  | Reached skill level 7 in Dodging
 24211 | Swamp:4  | Reached XP level 17. HP: 116/123 MP: 17/20
 24584 | Swamp:4  | Reached skill level 8 in Dodging
 24631 | Swamp:4  | Got a decaying rune of Zot
 24743 | Swamp:4  | Reached skill level 14 in Fighting
 25054 | Orc:1    | Entered Level 1 of the Orcish Mines
 25239 | Orc:1    | Reached skill level 14 in Unarmed Combat
 25458 | Orc:2    | Entered Level 2 of the Orcish Mines
 25640 | Orc:2    | Found a staircase to the Elven Halls.
 25779 | Orc:2    | Found Duvva's General Store.
 25782 | Orc:2    | Found Sosygiz's Assorted Antiques.
 25789 | Orc:2    | Bought a +1 hat of willpower for 160 gold pieces
 25805 | Orc:2    | Bought a scroll labelled JUAMISHR CIYNG for 35 gold pieces
 26190 | Orc:2    | Noticed Maurice
 26197 | Orc:2    | Killed Maurice
 26198 | Orc:2    | Reached skill level 3 in Spellcasting
 26324 | Orc:2    | Found Seli's General Store.
 26856 | Spider:1 | Entered Level 1 of the Spider Nest
 26958 | Spider:1 | Reached skill level 14 in Shields
 26963 | Spider:1 | Reached skill level 9 in Necromancy
 27765 | Spider:1 | Reached skill level 15 in Shields
 27794 | Spider:1 | Reached XP level 18. HP: 110/131 MP: 18/22
 27873 | Spider:1 | Reached skill level 10 in Necromancy
 28087 | Spider:1 | Learned a level 4 spell: Martyr's Knell
 28098 | Spider:1 | Reached skill level 11 in Necromancy
 28100 | Spider:1 | Reached skill level 1 in Summonings
 28210 | Spider:1 | Found a runed translucent gate.
 28211 | Spider:1 | Found a runed translucent gate.
 28212 | Spider:1 | Found a runed translucent gate.
 28212 | Spider:1 | Noticed drcatpants2's ghost (adept HOBe)
 28468 | Spider:1 | Reached skill level 2 in Summonings
 28752 | Spider:2 | Reached skill level 3 in Summonings
 28772 | Spider:2 | Reached skill level 4 in Summonings
 29212 | Spider:3 | Noticed Mlioglotl
 29213 | Spider:3 | Reached skill level 5 in Summonings
 29227 | Spider:3 | Killed Mlioglotl
 29519 | Spider:3 | Noticed Jorgrun
 29528 | Spider:3 | Killed Jorgrun
 29529 | Spider:3 | Reached skill level 6 in Summonings
 29536 | Spider:3 | Learned a level 6 spell: Death Channel
 30186 | Spider:4 | Entered Level 4 of the Spider Nest
 30637 | Spider:4 | Found a runed translucent gate.
 30637 | Spider:4 | Found a runed translucent gate.
 30637 | Spider:4 | Found a runed translucent gate.
 30643 | Spider:4 | Noticed tizbic2's ghost (adept MiFi)
 30670 | Spider:4 | Killed tizbic2's ghost
 30684 | Spider:4 | Got Soirch's Thoughts on Dislocation and the Gang
 30876 | Spider:4 | Learned a level 2 spell: Blink
 31052 | Spider:4 | Reached skill level 1 in Translocations
 31061 | Spider:4 | Reached XP level 19. HP: 138/138 MP: 23/23
 31232 | Spider:4 | Reached skill level 12 in Necromancy
 31246 | Spider:4 | Reached skill level 2 in Translocations
 31274 | Spider:4 | Reached skill level 15 in Fighting
 31414 | Spider:4 | Reached skill level 16 in Shields
 31513 | Spider:4 | Identified the +2 hat "Huyryz Bycu" {SInv}
 31642 | Spider:4 | Got a gossamer rune of Zot
 32107 | Elf:1    | Entered Level 1 of the Elven Halls
 32243 | Elf:1    | Found a runed translucent gate.
 32243 | Elf:1    | Found a runed translucent gate.
 32243 | Elf:1    | Found a runed translucent gate.
 32440 | Elf:1    | Noticed TacoSundae's ghost (adept VSBr)
 32440 | Elf:1    | Noticed PaiMei's ghost (adept DsNe)
 32528 | Elf:1    | Reached skill level 13 in Necromancy
 33009 | Elf:1    | Reached skill level 14 in Necromancy
 33294 | Elf:1    | Killed PaiMei's ghost
 33312 | Elf:1    | Killed TacoSundae's ghost
 33364 | Elf:2    | Found Diluc's Magic Scroll Shop.
 33383 | Elf:2    | Bought a scroll of acquirement for 1040 gold pieces
 33494 | Elf:2    | Found a runed translucent door.
 33495 | Elf:2    | Found a shimmering altar of Xom.
 33495 | Elf:2    | Noticed panicmichael's ghost (adept SpAl)
 33635 | Elf:2    | Found Nihicuyc's Assorted Antiques.
 33637 | Elf:2    | Found Geejo's Jewellery Boutique.
 33637 | Elf:2    | Found Ovyaps's Weapon Shop.
 33637 | Elf:2    | Found Ziaruu's Book Boutique.
 33637 | Elf:2    | Found Tiles's Weapon Shoppe.
 33660 | Elf:2    | Bought the ring "Beopn" {rN+ Will+ Slay+2} for 820 gold
                  | pieces
 33690 | Elf:2    | Bought 2 potions of invisibility for 352 gold pieces
 33690 | Elf:2    | Bought a potion of haste for 220 gold pieces
 33703 | Elf:2    | Bought a manual of Dodging for 1280 gold pieces
 33824 | Elf:2    | Found a runed translucent gate.
 33824 | Elf:2    | Found a runed translucent gate.
 33824 | Elf:2    | Found a runed translucent gate.
 34294 | Elf:3    | Entered Level 3 of the Elven Halls
 34354 | Elf:3    | Found Varuyf's Armour Shop.
 34442 | Elf:3    | Identified the +2 robe "Koah" {rCorr Str-3 SInv Stlth+}
 34451 | Elf:3    | Noticed an Ice Fiend
 34473 | Elf:2    | Reached skill level 15 in Necromancy
 34474 | Elf:2    | Reached skill level 9 in Dodging
 34637 | Elf:2    | Reached XP level 20. HP: 145/145 MP: 15/25
 34639 | Elf:2    | Reached skill level 4 in Spellcasting
 34965 | Elf:3    | Found Bievepoh's Armour Shop.
 35038 | Elf:3    | Reached skill level 10 in Dodging
 35165 | Elf:3    | Noticed a Tzitzimitl
 35199 | Elf:3    | Paralysed by an air elemental for 1 turns
 35207 | Elf:3    | Identified the ring of the Purple Skies {Fly rElec Will-
                  | MP+9 Int+5}
 35415 | Elf:3    | Reached skill level 5 in Spellcasting
 35421 | Elf:3    | Reached skill level 16 in Necromancy
 35457 | Elf:3    | Reached skill level 11 in Dodging
 35756 | Elf:3    | Got the Guidebook on the Tropics
 35779 | Elf:3    | Identified the staff of Descent {Int-2 Stlth+ Hexes Earth}
 35826 | Elf:3    | Got the Guide on Arcane Combat
 35868 | Elf:3    | Found Feunod's Weapon Boutique.
 35877 | Elf:3    | Found Socicaw's Armour Boutique.
 36012 | Elf:3    | Identified the amulet of Rophutun {Reflect Fly rPois rC+
                  | SH+5}
 36112 | Elf:3    | Found Egow's Antique Armour Shop.
 36425 | D:14     | Bought the ring "Oxetyl" {rPois rF+ Will- Str+6 Dex+6} for
                  | 939 gold pieces
 36456 | Vaults:1 | Entered Level 1 of the Vaults
 36601 | Vaults:1 | Reached skill level 1 in Stealth
 36601 | Vaults:1 | Reached skill level 6 in Spellcasting
 36646 | Vaults:1 | Reached skill level 2 in Stealth
 36649 | Vaults:1 | Reached skill level 12 in Dodging
 36739 | Vaults:1 | Reached skill level 3 in Stealth
 36857 | Vaults:1 | Reached skill level 4 in Stealth
 37035 | Vaults:1 | Reached skill level 5 in Stealth
 37043 | Vaults:1 | Reached skill level 13 in Dodging
 37068 | Vaults:1 | Identified the +2 dagger "Vosyvub" {protect, Int+3}
 37119 | Vaults:1 | Reached skill level 14 in Dodging
 37165 | Vaults:1 | Found Uwnoigg's General Store.
 37167 | Vaults:1 | Found Buebobb's Magic Scroll Emporium.
 37174 | Vaults:1 | Bought a scroll of revelation for 82 gold pieces
 37174 | Vaults:1 | Bought a scroll of butterflies for 44 gold pieces
 37179 | Vaults:1 | Bought a scroll of teleportation for 60 gold pieces
 37179 | Vaults:1 | Bought a scroll of teleportation for 60 gold pieces
 37179 | Vaults:1 | Bought a potion of might for 80 gold pieces
 37191 | Vaults:1 | Noticed Asterion
 37202 | Vaults:1 | Killed Asterion
 37295 | Vaults:1 | Found Uciotriw's Magic Scroll Emporium.
 37398 | Vaults:1 | Identified the ring "Poleng" {rF+ rCorr Str+5 Dex+6 Slay+3}
 37991 | Vaults:2 | Reached skill level 15 in Dodging
 38055 | Vaults:2 | Reached XP level 21. HP: 151/151 MP: 26/30
 38314 | Vaults:2 | Reached skill level 16 in Dodging
 39624 | Vaults:3 | Found a staircase to the Crypt.
 39627 | Vaults:3 | Noticed a curse skull
 39648 | Vaults:3 | Killed a curse skull
 39919 | Vaults:3 | Reached skill level 15 in Unarmed Combat
 40033 | Vaults:3 | Reached skill level 16 in Fighting
 40184 | Vaults:3 | Found Kifim's Assorted Antiques.
 40192 | Vaults:3 | Bought a potion of heal wounds for 170 gold pieces
 40192 | Vaults:3 | Bought a potion of curing for 102 gold pieces
 40192 | Vaults:3 | Bought a potion of curing for 102 gold pieces
 40579 | Vaults:4 | Reached skill level 16 in Unarmed Combat
 40994 | Vaults:4 | Reached skill level 17 in Necromancy
 41067 | Vaults:4 | Reached XP level 22. HP: 160/160 MP: 25/31
 41240 | Vaults:4 | Reached skill level 3 in Translocations
 41289 | Vaults:4 | Identified the +8 whip of Immuul {flame, rC+ rN+}
 41462 | Vaults:4 | Learned a level 5 spell: Borgnjor's Vile Clutch
 41611 | Depths:1 | Entered Level 1 of the Depths
 41768 | Depths:1 | Noticed Saint Roka
 41772 | Depths:1 | Reached skill level 1 in Earth Magic
 41775 | Depths:1 | Reached skill level 5 in Evocations
 41780 | Depths:1 | Killed Saint Roka
 41781 | Depths:1 | Reached skill level 2 in Earth Magic
 41959 | Depths:1 | Found a glowing silver altar of Zin.
 42008 | Depths:1 | Reached skill level 3 in Earth Magic
 42030 | Depths:1 | Reached skill level 4 in Earth Magic
 42031 | Depths:1 | Found a gateway to Hell.
 42044 | Depths:1 | Reached skill level 5 in Earth Magic
 42133 | Depths:1 | Noticed Mara
 42143 | Depths:1 | Noticed CardinalSin's illusion
 42149 | Depths:1 | Reached skill level 6 in Earth Magic
 42159 | Depths:1 | Killed Mara
 42884 | Depths:1 | Learned a level 4 spell: Anguish
 42924 | Depths:2 | Reached skill level 1 in Hexes
 43099 | Depths:2 | Found a one-way gate leading to the halls of Pandemonium.
 43171 | Depths:2 | Reached skill level 4 in Translocations
 43174 | Depths:2 | Reached skill level 2 in Hexes
 43357 | Depths:2 | Identified the +1 mace "Assuc" {drain, rF+ Str+3 Dex+3}
 43424 | Depths:2 | Reached skill level 3 in Hexes
 43717 | Depths:3 | Found a hide-covered altar of Uskayaw.
 43735 | Depths:3 | Found Tukhlast's General Store.
 43805 | Depths:3 | Reached skill level 4 in Hexes
 43805 | Depths:3 | Noticed a caustic shrike
 43806 | Depths:3 | Noticed a caustic shrike
 43806 | Depths:3 | Noticed a caustic shrike
 43807 | Depths:3 | Noticed a caustic shrike
 43809 | Depths:3 | Killed a caustic shrike
 43812 | Depths:3 | Killed a caustic shrike
 43813 | Depths:3 | Reached skill level 17 in Fighting
 43817 | Depths:3 | Killed a caustic shrike
 43817 | Depths:3 | Killed a caustic shrike
 43818 | Depths:3 | Reached skill level 5 in Hexes
 43933 | Depths:3 | Found a one-way gateway to a ziggurat.
 44079 | Depths:3 | Found a one-way gate to the infinite horrors of the Abyss.
 44126 | Depths:3 | Noticed a caustic shrike
 44129 | Depths:3 | Noticed a golden dragon
 44132 | Depths:3 | Killed a caustic shrike
 44142 | Depths:3 | Killed a golden dragon
 44145 | Depths:3 | Reached skill level 6 in Hexes
 44200 | Depths:3 | Found the +8 pair of quick blades "Gyre" and "Gimble"
                  | {protect}
 44216 | Depths:3 | Identified the ring "Biepeten" {Fire rN+ Int+3 Stlth+}
 44300 | Depths:3 | Noticed a golden dragon
 44307 | Depths:3 | Killed a golden dragon
 44668 | Depths:4 | Entered Level 4 of the Depths
 44676 | Depths:4 | Reached XP level 23. HP: 168/168 MP: 32/32
 44717 | Depths:4 | Reached skill level 17 in Shields
 44771 | Depths:4 | Reached skill level 6 in Stealth
 44805 | Depths:4 | Found Ywed's Assorted Antiques.
 44808 | Depths:4 | Found Vuxkuydgh's Antique Armour Emporium.
 44808 | Depths:4 | Found Fegir's Antique Armour Shoppe.
 44812 | Depths:4 | Found Cyijuluf's General Store.
 44931 | Depths:4 | Reached skill level 7 in Spellcasting
 45240 | Depths:4 | Found a gate to the Realm of Zot.
 46047 | Crypt:1  | Entered Level 1 of the Crypt
 46230 | Crypt:1  | Noticed a curse skull
 46235 | Crypt:1  | Killed a curse skull
 46290 | Crypt:1  | Found an ancient bone altar of Kikubaaqudgha.
 46307 | Crypt:1  | Reached skill level 18 in Fighting
 46350 | Crypt:1  | Identified the +5 halberd of Malasalu {venom, rElec Int+3}
 46579 | Crypt:1  | Found a basalt altar of Yredelemnul.
 46766 | Crypt:1  | Noticed a curse skull
 46776 | Crypt:1  | Killed a curse skull
 47002 | Crypt:2  | Identified the staff of Termination {rN++ Conj}
 47652 | Crypt:3  | Entered Level 3 of the Crypt
 47735 | Crypt:3  | Reached skill level 17 in Unarmed Combat
 47752 | Crypt:3  | Identified the +7 flail of Giyb {heavy, ^Fragile +Blink
                  | Int+2}
 48035 | Crypt:3  | Identified the +4 chain mail "Fumur" {rElec Dex+2}
 48408 | Crypt:3  | Reached skill level 18 in Unarmed Combat
 48423 | Crypt:3  | Found an ancient bone altar of Kikubaaqudgha.
 48425 | Crypt:3  | Noticed an ancient lich
 48436 | Crypt:3  | Killed an ancient lich
 48490 | Crypt:3  | Got Duagem's Quarto of Necromancy
 48503 | Crypt:3  | Noticed a dread lich
 48510 | Crypt:3  | Killed a dread lich
 48750 | Crypt:3  | Found a staircase to the Tomb.
 48770 | Crypt:3  | Reached XP level 24. HP: 177/177 MP: 33/33
 48935 | Crypt:3  | Identified the ring "Usonwoyd" {rN+ Str+4}
 48935 | Crypt:3  | Identified the ring "Uhufaxz Wuegg" {+Blink rC++ rN+ MP+9
                  | Int-5}
 48935 | Crypt:3  | Identified the ring of Pereip {rPois rN+}
 49045 | Crypt:3  | Noticed a curse skull
 49050 | Crypt:3  | Killed a curse skull
 49051 | Crypt:3  | Reached skill level 18 in Shields
 49059 | Crypt:3  | Identified the staff of the Endless March {rN+ Stlth+ Necro
                  | Ice}
 49065 | Crypt:3  | Identified the +0 flail of Indignation {heavy, Int+3}
 49374 | Vaults:5 | Entered Level 5 of the Vaults
 49388 | Vaults:5 | Reached skill level 6 in Evocations
 49404 | Vaults:5 | Reached skill level 8 in Spellcasting
 49404 | Vaults:5 | Noticed an ancient lich
 49409 | Vaults:5 | Reached skill level 7 in Stealth
 49417 | Vaults:5 | Noticed Sojobo
 49426 | Vaults:4 | Killed an ancient lich
 49624 | Vaults:4 | Reached skill level 18 in Necromancy
 49643 | Vaults:5 | Killed Sojobo
 49946 | Vaults:5 | Noticed Xtahua
 49956 | Vaults:5 | Killed Xtahua
 49957 | Vaults:5 | Reached skill level 19 in Fighting
 50291 | Vaults:5 | Identified the +3 robe of the Unseen Realm {rC++ Dex+4}
 50294 | Vaults:5 | Identified the ring "Epiudgha" {rCorr Dex+4 Slay+2}
 50296 | Vaults:5 | Noticed a dread lich
 50301 | Vaults:5 | Killed a dread lich
 50316 | Vaults:5 | Reached skill level 19 in Unarmed Combat
 50552 | Vaults:5 | Found Enotryer's Distillery.
 50552 | Vaults:5 | Found Kumoe's Magic Scroll Shoppe.
 50557 | Vaults:5 | Bought a potion of experience for 750 gold pieces
 50557 | Vaults:5 | Reached XP level 25. HP: 187/187 MP: 35/35
 50565 | Vaults:5 | Bought a scroll of acquirement for 780 gold pieces
 50588 | Vaults:5 | Found Tiowen's Distillery.
 50593 | Vaults:5 | Bought a potion of haste for 120 gold pieces
 50623 | Vaults:5 | Got a silver rune of Zot
 50649 | Vaults:5 | Reached skill level 5 in Translocations
 50676 | Vaults:5 | Reached XP level 26. HP: 194/194 MP: 35/35
 50753 | Vaults:5 | Found Fiti's Armour Shoppe.
 50756 | Vaults:5 | Found Napty's Weapon Shop.
 50772 | Vaults:5 | Noticed an ancient lich
 50777 | Vaults:5 | Killed an ancient lich
 51030 | Vaults:5 | Reached skill level 20 in Fighting
 51097 | Vaults:5 | Identified the +2 chain mail of Absence {rPois rF++ Regen+
                  | Stlth-}
 51197 | Vaults:5 | Got Sinuloah's Guide on Overcast Tinctures
 51537 | D:12     | You paid a toll of 2 scrolls of acquirement to enter a
                  | treasure trove
 51538 | Trove    | Entered a treasure trove
 51543 | Trove    | Found the +7 captain's cutlass {speed, disarm}
 51546 | Trove    | Identified the ring "Kiosyduz" {rC+ Int+6 SInv}
 51548 | Trove    | Identified the ring of Aderrutu {rPois rF+ Str+3 Slay+4
                  | SInv}
 51566 | Trove    | Identified the ring "Hero's Friend" {rF+ Int+2 Slay+4}
 51581 | Trove    | Identified the +4 rapier of Magnificence {spect, Will-
                  | Str+5}
 52131 | Depths:1 | Learned a level 1 spell: Apportation
 52137 | Depths:1 | Learned a level 5 spell: Summon Mana Viper
 52150 | Hell     | Entered the Vestibule of Hell
 52152 | Hell     | Noticed Geryon
 52232 | Hell     | Reached skill level 7 in Hexes
 52233 | Hell     | Reached skill level 7 in Summonings
 52260 | Hell     | Killed Geryon
 52263 | Hell     | HP: 25/254 [smoke demon/divine providence (15)]
 52857 | Hell     | Reached skill level 17 in Shapeshifting
 53082 | Hell     | Found a gateway to the ashen valley of Gehenna.
 53171 | Hell     | Found a gateway to the Iron City of Dis.
 53224 | Hell     | Found a gateway to the freezing wastes of Cocytus.
 53276 | Hell     | Found a gateway to the decaying netherworld of Tartarus.
 54162 | Zot:1    | Entered Level 1 of the Realm of Zot
 54352 | Zot:1    | Noticed an orb of fire
 54362 | Zot:1    | Gained mutation: Your flesh is cold resistant. (rC+) [an
                  | orb of fire]
 54363 | Zot:1    | Killed an orb of fire
 54383 | Zot:1    | Reached skill level 18 in Shapeshifting
 55921 | Orc:2    | Bought a scroll of blinking for 262 gold pieces
 56245 | Spider:1 | Gained mutation: You are dopey. (Int -2) [mutagenic glow]
 56259 | Spider:1 | Gained mutation: You are resistant to electric shocks.
                  | (rElec) [mutagenic glow]
 56263 | Spider:1 | Reached skill level 19 in Shapeshifting
 56297 | Spider:1 | Identified the +1 falchion of the Big Bang {freeze, Str+4}
 56299 | Spider:1 | Identified the +2 helmet of Starshine {rN+ Will- Stlth+}
 56720 | Zot:1    | Lost mutation: You are dopey. (Int -2) [potion of mutation]
 56720 | Zot:1    | Lost mutation: Your flesh is cold resistant. (rC+) [potion
                  | of mutation]
 56720 | Zot:1    | Lost mutation: You are resistant to electric shocks.
                  | (rElec) [potion of mutation]
 56720 | Zot:1    | Gained mutation: You expend magic power (3 MP) to
                  | strengthen your wands. [potion of mutation]
 56720 | Zot:1    | Gained mutation: Your mind is acute. (Int +4, Str/Dex -1)
                  | [potion of mutation]
 56778 | Zot:2    | Reached XP level 27. HP: 183/201 MP: 26/35
 57358 | Zot:2    | Reached skill level 20 in Unarmed Combat
 57609 | Zot:2    | Noticed an electric golem
 57619 | Zot:2    | Noticed an electric golem
 57624 | Zot:2    | Killed an electric golem
 57639 | Zot:2    | Killed an electric golem
 57891 | Zot:3    | Noticed an orb of fire
 57902 | Zot:3    | Killed an orb of fire
 57918 | Zot:3    | Reached skill level 20 in Shapeshifting
 58144 | Zot:3    | Found a shimmering altar of Xom.
 58285 | Zot:3    | Found a shimmering altar of Xom.
 58285 | Zot:3    | Found a shimmering altar of Xom.
 58285 | Zot:3    | Found a shimmering altar of Xom.
 58285 | Zot:3    | Found a shimmering altar of Xom.
 58286 | Zot:3    | Found a shimmering altar of Xom.
 58286 | Zot:3    | Found a glowing silver altar of Zin.
 58289 | Zot:3    | Found a shimmering altar of Xom.
 58393 | Zot:3    | Noticed a curse toe
 58396 | Zot:3    | Killed a curse toe
 58573 | Zot:4    | Noticed a curse toe
 59135 | Zot:4    | Reached skill level 21 in Shapeshifting
 59250 | Zot:4    | Noticed a curse toe
 59256 | Zot:4    | Identified the ring "Miygus" {Ice rElec rCorr SInv}
 59256 | Zot:4    | Noticed Josephina
 59261 | Zot:4    | Killed a curse toe
 59484 | Zot:5    | Entered Level 5 of the Realm of Zot
 59712 | Zot:5    | Noticed an ancient lich
 59721 | Zot:5    | Noticed an electric golem
 59724 | Zot:5    | Noticed an orb of fire
 59724 | Zot:5    | Noticed an orb of fire
 59730 | Zot:5    | Killed an orb of fire
 59736 | Zot:5    | Killed an electric golem
 59737 | Zot:5    | Killed an orb of fire
 59741 | Zot:5    | Reached skill level 22 in Shapeshifting
 59748 | Zot:5    | Noticed an ancient lich
 59749 | Zot:5    | Noticed an ancient lich
 59751 | Zot:5    | Noticed an orb of fire
 59759 | Zot:5    | Killed an ancient lich
 59761 | Zot:5    | Killed an orb of fire
 59763 | Zot:5    | Reached skill level 23 in Shapeshifting
 59763 | Zot:5    | Killed an ancient lich
 59813 | Zot:5    | Got the Orb of Zot
 59824 | Zot:5    | Noticed Puinich the pandemonium lord
 60069 | Depths:3 | Noticed a seraph
 60251 | D:11     | Noticed Xuxux the pandemonium lord
 60280 | D:8      | Noticed Arim the pandemonium lord
 60291 | D:8      | Killed Arim the pandemonium lord
 60352 | D:8      | Noticed Yrphazxisha the pandemonium lord
 60585 | D:1      | Noticed Qebb the pandemonium lord
 60589 | D:1      | Killed Qebb the pandemonium lord
 60590 | D:1      | Reached skill level 24 in Shapeshifting
 60646 | D:$      | Escaped with the Orb!

Vanquished Creatures
  2 pandemonium lords
  2 dread liches
  5 ancient liches
  4 orbs of fire
  Mara (Depths:1)
  Xtahua (Vaults:5)
  Sojobo (Vaults:5)
  6 Killer Klowns
  4 caustic shrikes (Depths:3)
  Saint Roka (Depths:1)
  2 curse toes
  Geryon (Hell)
  13 golden dragons
  2 bone dragons
  Rupert (D:13)
  2 electric golems (Zot:2)
  A hellephant (D:3)
  Jorgrun (Spider:3)
  21 tentacled monstrosities
  A Hell Sentinel (Zot:4)
  5 liches
  Mlioglotl (Spider:3)
  A titan (Vaults:5)
  11 Orb Guardians
  2 deep elf master archers (Elf:3)
  2 deep elf blademasters (Elf:3)
  6 quicksilver dragons
  3 death cobs
  The ghost of PaiMei the Purveyor of Pain, an adept DsNe of Kikubaaqudgha (Elf:1)
  2 Executioners
  Aizul (Swamp:3)
  3 ancient champions
  The ghost of tizbic2 the Warrior, an adept MiFi of Qazlal (Spider:4)
  9 shadow dragons
  8 storm dragons
  7 tengu reavers
  6 fire giants
  4 draconian monks
  5 frost giants
  4 protean progenitors
  5 ghost moths
  A draconian knight (Zot:1)
  13 emperor scorpions
  2 iron dragons
  A caustic shrike zombie (Crypt:3)
  4 draconian scorchers
  2 deep elf sorcerers
  13 vault wardens
  An angel (Zot:3)
  4 draconian shifters
  4 curse skulls
  20 ironbound preservers
  2 balrugs (Crypt:3)
  3 orc warlords
  A juggernaut zombie (Crypt:3)
  2 cacodemons (Hell)
  A draconian stormcaller (Zot:1)
  A formless jellyfish (Vaults:4)
  10 ghouls
  The ghost of TacoSundae the Covert, an adept VSBr of Ashenzari (Elf:1)
  5 reapers (Hell)
  9 stone giants
  3 very ugly things
  4 draconian annihilators
  3 broodmothers
  2 caustic shrike skeletons
  6 ironbound thunderhulks
  2 eleionomae
  8 vampire knights
  13 black draconians
  6 green draconians
  5 dire elephants
  9 red draconians
  5 yellow draconians
  8 deep elf annihilators
  7 deep elf death magi
  5 bunyips
  7 spark wasps
  2 white draconians (Zot:1)
  7 purple draconians
  6 war gargoyles
  9 deep elf demonologists
  3 lorocyprocas
  2 eidola (Crypt:1)
  An acid blob zombie (Crypt:2)
  4 blizzard demons (Hell)
  A quicksilver dragon zombie (Vaults:4)
  4 jiangshi
  A green death (Hell)
  6 ettins
  3 deep elf high priests
  8 fire dragons
  12 entropy weavers
  9 yaktaur captains
  5 spriggan zombies
  A quicksilver dragon skeleton (Crypt:3)
  A fenstrider witch zombie (Hell)
  16 vault guards (Vaults:5)
  A shambling mangrove (Swamp:4)
  An ogre mage (Vaults:5)
  9 great orbs of eyes
  A peacekeeper (Vaults:3)
  Erolcha (D:13)
  7 alligators
  2 hell beasts
  2 ghost crabs
  16 hydras
  An ice dragon (Depths:4)
  A catoblepas (D:14)
  A sphinx zombie (Vaults:4)
  2 spriggan skeletons
  9 centaur warriors
  A fenstrider witch skeleton (Hell)
  4 jorogumos
  7 ironbound frosthearts
  A spriggan air mage (Depths:3)
  5 two-headed ogres
  26 dancing weapons
  3 deep troll shamans
  A radroach (Spider:2)
  An Orb Guardian skeleton (Crypt:2)
  12 death yaks
  4 hell hogs (D:10)
  9 boulder beetles
  2 deep troll earth magi
  5 vampire magi
  8 demonic crawlers
  3 tengu warriors
  8 hell knights (Crypt:3)
  An occultist (Depths:1)
  2 orc high priests
  14 spriggans
  2 spriggan berserkers
  17 deep elf knights
  Nergalle (D:9)
  A storm dragon zombie (Crypt:1)
  A titan skeleton (Depths:3)
  An emperor scorpion zombie (Crypt:1)
  An iron troll (Depths:1)
  3 soul eaters (Hell)
  16 sun demons
  3 sixfirhies
  2 pharaoh ants
  30 skeletal warriors
  A salamander mystic (Volcano)
  4 skysharks
  4 goliath frogs
  2 flayed ghosts
  A quicksilver dragon simulacrum (Zot:4)
  4 glowing orange brains
  2 sun moths
  2 glowing orange brains (shapeshifter)
  8 swamp dragons
  9 orb spiders
  6 spriggan druids
  47 deep trolls
  An arcanist (D:14)
  5 bog bodies
  2 spriggan simulacra (Hell)
  9 ironbound convokers
  A golden dragon skeleton (Depths:3)
  7 deep elf archers
  12 phantasmal warriors
  A steelbarb worm (shapeshifter) (Vaults:5)
  7 large abominations
  11 steelbarb worms
  18 orc knights
  16 deep elf zephyrmancers
  10 necromancers
  8 wolf spider zombies (Spider:1)
  2 anaconda skeletons
  12 lindwurms
  An alligator zombie (Crypt:3)
  17 wolf spiders
  7 salamanders
  25 deep elf pyromancers
  A shadow dragon skeleton (Depths:3)
  8 manticores
  A fire giant zombie (Vaults:4)
  A cyclops (shapeshifter) (D:15)
  A broodmother zombie (Crypt:1)
  39 ugly things
  9 orc sorcerers
  4 meliai
  A shining eye (Depths:1)
  4 cyclopes
  An elephant (shapeshifter) (Vaults:5)
  6 will-o-the-wisps
  Maurice (Orc:2)
  28 moths of wrath
  A frost giant skeleton (Depths:3)
  A centaur zombie (Crypt:3)
  A dire elephant zombie (Hell)
  4 black mambas
  2 kobold blastminers (Orc:1)
  A storm dragon simulacrum (Zot:4)
  4 molten gargoyles
  20 vault sentinels
  A human skeleton (Vaults:4)
  5 naga zombies
  An eye of devastation (shapeshifter) (Depths:2)
  3 torpor snails
  4 rust devils (Hell)
  15 smoke demons
  A water nymph (shapeshifter) (Depths:4)
  5 redback zombies (Spider:1)
  6 gargoyles
  15 cane toads
  An orange demon (Hell)
  A dire elephant skeleton (Crypt:3)
  2 unseen horrors
  A death yak zombie (Crypt:2)
  A rime drake (Lair:5)
  A centaur skeleton (Hell)
  7 freezing wraiths
  3 tengu conjurers
  A hellion (Hell)
  8 komodo dragons
  A kobold demonologist (D:9)
  19 yaktaurs
  2 alligator snapping turtle skeletons (Hell)
  A death yak skeleton (Crypt:1)
  A tormentor (Depths:4)
  2 ice devils (Hell)
  Psyche (D:11)
  2 harpy zombies
  An iron troll skeleton (Crypt:1)
  A guardian mummy (Crypt:1)
  3 red devils
  7 trolls
  A hornet (shapeshifter) (D:13)
  A polar bear (Lair:2)
  A death drake zombie (Crypt:1)
  17 hornets
  6 tyrant leeches
  A queen bee (Lair:1)
  A shadow dragon simulacrum (Zot:4)
  21 tarantellas
  8 tarantella zombies (Spider:1)
  Prince Ribbit (Lair:1)
  2 harpy skeletons
  8 culicivora zombies (Spider:1)
  15 blink frogs
  A jumping spider (shapeshifter) (D:11)
  An ettin zombie (Crypt:3)
  An ettin skeleton (Crypt:3)
  A frost giant simulacrum (Vaults:4)
  29 slime creatures
  23 culicivoras
  Sigmund (D:6)
  25 jumping spiders
  An air elemental (Elf:3)
  2 culicivoras (shapeshifter) (Vaults:5)
  10 wraiths
  9 wyverns
  A black mamba zombie (Crypt:1)
  3 shadows
  A ynoxinul (Depths:3)
  65 yaks
  A spriggan (shapeshifter) (Elf:1)
  16 humans
  8 vampires
  A black mamba skeleton (Crypt:3)
  5 fire bats (Volcano)
  5 fire elementals
  9 water elementals
  A basilisk (Lair:1)
  53 redbacks
  A steam dragon (D:6)
  8 wargs (Orc:2)
  19 vampire mosquitoes
  A green draconian simulacrum (Zot:4)
  2 chaos spawn (Zot:3)
  A demonspawn zombie (Hell)
  14 swamp worms
  A swamp worm (shapeshifter) (D:15)
  5 acid dragons
  A glowing shapeshifter zombie (Crypt:2)
  17 water moccasins
  38 orc warriors
  Duvessa (D:6)
  2 naga skeletons (Crypt:3)
  13 swamp drakes
  7 hell hounds (Hell)
  A dream sheep zombie (Crypt:1)
  An ice beast (D:3)
  17 laughing skulls
  A black mamba simulacrum (Hell)
  3 ogres
  A hog zombie (Crypt:2)
  7 black bears
  13 centaurs
  An ettin simulacrum (Crypt:1)
  2 boggarts (Vaults:2)
  A lindwurm skeleton (Crypt:1)
  A phantom (D:4)
  Blork the orc (D:4)
  4 kobold brigands
  22 bullfrogs
  2 gnoll sergeants
  3 earth elementals
  A salamander zombie (Crypt:2)
  2 necrophages (Crypt:2)
  A naga simulacrum (Hell)
  6 scorpions
  An elf skeleton (Crypt:2)
  3 wights (D:7)
  A raiju zombie (Crypt:2)
  Dowan (D:6)
  24 killer bees
  9 electric eels
  8 howler monkeys
  2 bombardier beetles
  A quasit (D:5)
  4 lava snakes (Volcano)
  A human zombie (Crypt:1)
  12 orc priests
  4 hounds
  A gnoll bouda (D:8)
  7 jellies
  Ijyb (D:5)
  A black bear skeleton (Crypt:1)
  6 iguanas
  A sleepcap (D:6)
  7 hell rats (Lair:5)
  22 orc wizards
  A crocodile zombie (Crypt:2)
  4 adders
  15 gnolls
  4 shadow imps
  9 white imps
  5 ufetubi
  3 dart slugs
  2 ribbon worms
  95 orcs
  9 ball pythons
  8 bats
  9 endoplasms
  4 giant cockroaches
  7 goblins
  15 hobgoblins
  4 jackals
  25 kobolds
  5 quokkas
  4 frilled lizards
  11 rats
2160 creatures vanquished.

Vanquished Creatures (collateral kills)
  An orb of fire (Zot:5)
  4 Killer Klowns
  A caustic shrike (Depths:3)
  3 golden dragons
  A tentacled monstrosity (Depths:3)
  An electric golem (Zot:5)
  13 Orb Guardians (Zot:5)
  A titan (Vaults:5)
  A death cob (Zot:3)
  2 tengu reavers
  A draconian monk (Zot:3)
  3 frost giants
  2 draconian scorchers
  2 deep elf sorcerers (Elf:3)
  A vault warden (Vaults:2)
  A deep elf elementalist (Elf:3)
  3 angels (Zot:3)
  An ironbound preserver (Vaults:5)
  A draconian stormcaller (Zot:2)
  A draconian annihilator (Zot:5)
  2 ironbound thunderhulks
  3 green draconians
  A stone giant (Depths:1)
  A vampire knight (Hell)
  2 black draconians
  3 dire elephants
  A purple draconian (Zot:3)
  A white draconian (Zot:5)
  A yellow draconian (Depths:4)
  A red draconian (Zot:5)
  An ettin (Depths:3)
  An ice dragon (Depths:3)
  A rakshasa (Depths:3)
  9 vault guards (Vaults:5)
  2 yaktaur captains
  A great orb of eyes (Depths:1)
  A spriggan air mage (Depths:2)
  2 boulder beetles (Zot:5)
  A tengu warrior (Depths:3)
  2 dancing weapons
  3 deep troll earth magi
  3 shock serpents (Zot:3)
  2 sun demons
  A deep elf knight (Elf:2)
  A salamander mystic (Depths:1)
  A storm dragon skeleton (Hell)
  2 iron trolls
  A sea snake (shapeshifter) (Zot:3)
  An arcanist (Vaults:2)
  14 deep trolls
  A lindwurm (Vaults:1)
  A shining eye (Depths:1)
  An ironbound convoker (Vaults:5)
  An orc knight (Vaults:1)
  4 deep elf zephyrmancers (Elf:1)
  An ugly thing (Vaults:2)
  4 moths of wrath
  3 vault sentinels
  4 smoke demons (Hell)
  An orange demon (Hell)
  A tormentor (Hell)
  A tengu conjurer (Depths:2)
  3 yaktaurs
  2 tyrant leeches (Zot:3)
  A wind drake (shapeshifter) (Zot:3)
  A jumping spider (Spider:1)
  A chaos spawn (Zot:3)
  A redback (Vaults:2)
  A harpy simulacrum (Hell)
  A hell hound (Hell)
  A boggart (Vaults:2)
  An orc priest (Depths:1)
146 creatures vanquished.

Vanquished Creatures (others)
  An ancient lich (Zot:5)
  2 Killer Klowns (Zot:5)
  2 tentacled monstrosities
  4 Orb Guardians
  Asterion (Vaults:1)
  A quicksilver dragon (Zot:4)
  A death cob (Zot:4)
  A shadow dragon (Zot:4)
  A tengu reaver (Vaults:5)
  3 storm dragons
  A draconian monk (Zot:5)
  A draconian shifter (Zot:5)
  A ghost moth (Spider:4)
  3 draconian scorchers (Zot:5)
  A draconian stormcaller (Zot:5)
  2 draconian annihilators
  A very ugly thing (Vaults:5)
  A green draconian (Zot:5)
  A black draconian (Zot:5)
  3 white draconians (Zot:5)
  A purple draconian (Zot:5)
  A war gargoyle (Vaults:5)
  A yellow draconian (Depths:4)
  An ettin (Vaults:5)
  2 vault guards (Vaults:5)
  An alligator (Swamp:2)
  A sun moth (Spider:3)
  A swamp dragon (Swamp:2)
  A lindwurm (Vaults:1)
  A deep elf zephyrmancer (Elf:1)
  A moth of wrath (Zot:4)
  A vault sentinel (Vaults:5)
  2 yaktaurs (Vaults:5)
  A freezing wraith (Vaults:5)
  A tyrant leech (Swamp:2)
  A culicivora (Spider:3)
  A water elemental (Elf:2)
  A swamp worm (Swamp:2)
  An orc warrior (Vaults:5)
  2 swamp drakes (Swamp:4)
  An orc (Orc:2)
  16 foxfires
72 creatures vanquished.

Grand Total: 2378 creatures vanquished

Table legend: (Time is in decaauts)
 A = Elapsed time spent in this place.
 B = Non-inter-level travel time spent in this place.
 C = Inter-level travel time spent in this place.
 D = Time resting spent in this place.
 E = Time spent auto-exploring this place.
 F = Levels seen in this place.
 G = Mean time per level.
                   A        B        C        D        E       F      G
               +--------+--------+--------+--------+--------+-----+--------+
         Total |  83568 |  73611 |   9957 |   9709 |  47003 |  54 | 1547.6 |
       Dungeon |  20591 |  17569 |   3022 |   3472 |   9925 |  15 | 1372.7 |
          Lair |   9222 |   7954 |   1268 |   1653 |   4395 |   5 | 1844.4 |
         Swamp |   3653 |   3453 |    200 |    175 |   2340 |   4 |  913.2 |
   Spider Nest |   7780 |   6898 |    882 |    586 |   4317 |   4 | 1945.0 |
  Orcish Mines |   2999 |   2216 |    783 |     10 |   1660 |   2 | 1499.5 |
   Elven Halls |   6461 |   5907 |    554 |    645 |   3856 |   3 | 2153.7 |
        Vaults |  11314 |  10023 |   1291 |    610 |   7464 |   5 | 2262.8 |
         Crypt |   5096 |   4531 |    565 |      0 |   3566 |   3 | 1698.7 |
        Depths |   8109 |   7133 |    976 |   1667 |   4528 |   4 | 2027.2 |
          Hell |   1058 |   1015 |     43 |      0 |    684 |   1 | 1058.0 |
           Zot |   6531 |   6161 |    370 |    734 |   3961 |   5 | 1306.2 |
        Bazaar |    155 |    155 |      0 |     27 |     76 |   1 |  155.0 |
         Trove |     96 |     96 |      0 |      0 |     28 |   1 |   96.0 |
       Volcano |    497 |    497 |      0 |    127 |    198 |   1 |  497.0 |
               +--------+--------+--------+--------+--------+-----+--------+

Top non-repeatable levels by time:
  Lair:2: 3095 daAuts
Depths:1: 2805 daAuts
   Elf:2: 2654 daAuts
 Crypt:3: 2538 daAuts
Vaults:1: 2491 daAuts
Depths:4: 2366 daAuts
Spider:4: 2358 daAuts
Vaults:5: 2286 daAuts
Vaults:3: 2230 daAuts
    D:11: 2186 daAuts
Vaults:4: 2172 daAuts
Vaults:2: 2133 daAuts
  Lair:1: 2096 daAuts
   Elf:1: 2046 daAuts
     D:6: 2016 daAuts

Table legend:
 A = Non-vault XP
 B = Vault XP
 C = Vault XP percentage of total XP
 D = Non-vault monster count
 E = Vault monster count
 F = Vault count percentage of total count
                 A         B        C        D         E       F
            +---------+---------+-------+---------+---------+-------
      Total |  677150 |  668627 |  49.7 |    1301 |     991 |  43.2
            +---------+---------+-------+---------+---------+-------
        D:1 |      33 |       2 |   5.7 |      19 |       1 |   5.0
        D:2 |      22 |      15 |  40.5 |      13 |       8 |  38.1
        D:3 |     113 |     328 |  74.4 |      23 |      17 |  42.5
        D:4 |     218 |     217 |  49.9 |      23 |       3 |  11.5
        D:5 |     703 |     679 |  49.1 |      14 |      17 |  54.8
        D:6 |     837 |    2065 |  71.2 |      18 |      29 |  61.7
        D:7 |     701 |     166 |  19.1 |      14 |       2 |  12.5
        D:8 |     941 |       0 |   0.0 |      20 |       0 |   0.0
        D:9 |    3260 |    1956 |  37.5 |      15 |       5 |  25.0
       D:10 |    2489 |       0 |   0.0 |      33 |       0 |   0.0
       D:11 |    2558 |    9401 |  78.6 |       9 |      27 |  75.0
       D:12 |    7442 |       0 |   0.0 |      22 |       0 |   0.0
       D:13 |   10735 |    4989 |  31.7 |      26 |       9 |  25.7
       D:14 |    9708 |    2778 |  22.2 |      20 |      12 |  37.5
       D:15 |   11937 |    4223 |  26.1 |      32 |       9 |  22.0
     Lair:1 |    4617 |    2778 |  37.6 |      25 |      28 |  52.8
     Lair:2 |    3865 |    7690 |  66.6 |      17 |      12 |  41.4
     Lair:3 |    8775 |     701 |   7.4 |      36 |       1 |   2.7
     Lair:4 |   10805 |    1104 |   9.3 |      25 |       7 |  21.9
     Lair:5 |    2223 |   10682 |  82.8 |      15 |      32 |  68.1
    Swamp:1 |   13342 |       0 |   0.0 |      29 |       0 |   0.0
    Swamp:2 |    4874 |       0 |   0.0 |      13 |       0 |   0.0
    Swamp:3 |    9828 |    1469 |  13.0 |      20 |       1 |   4.8
    Swamp:4 |   16382 |   15248 |  48.2 |      32 |      29 |  47.5
   Spider:1 |   17339 |   20996 |  54.8 |      41 |      49 |  54.4
   Spider:2 |   20896 |     277 |   1.3 |      48 |       1 |   2.0
   Spider:3 |    6544 |   19391 |  74.8 |      16 |      33 |  67.3
   Spider:4 |   16792 |   21725 |  56.4 |      29 |      42 |  59.2
      Orc:1 |    4632 |       0 |   0.0 |      44 |       0 |   0.0
      Orc:2 |    3095 |    8735 |  73.8 |      26 |      67 |  72.0
      Elf:1 |   11665 |   16909 |  59.2 |      21 |      24 |  53.3
      Elf:2 |   13991 |   22792 |  62.0 |      23 |      30 |  56.6
      Elf:3 |    9677 |   29246 |  75.1 |      17 |      27 |  61.4
   Vaults:1 |   15624 |   23330 |  59.9 |      21 |      33 |  61.1
   Vaults:2 |   19403 |   19165 |  49.7 |      34 |      25 |  42.4
   Vaults:3 |   10657 |   36024 |  77.2 |      14 |      46 |  76.7
   Vaults:4 |   21969 |   25023 |  53.2 |      33 |      25 |  43.1
   Vaults:5 |   25444 |  106862 |  80.8 |      39 |      93 |  70.5
    Crypt:1 |   24258 |    7936 |  24.7 |      42 |      12 |  22.2
    Crypt:2 |   12256 |       0 |   0.0 |      28 |       0 |   0.0
    Crypt:3 |       0 |   62886 | 100.0 |       0 |      80 | 100.0
   Depths:1 |   19787 |   21570 |  52.2 |      25 |      25 |  50.0
   Depths:2 |   19722 |     765 |   3.7 |      28 |       1 |   3.4
   Depths:3 |   30678 |   15426 |  33.5 |      29 |      10 |  25.6
   Depths:4 |   16760 |    9064 |  35.1 |      16 |       8 |  33.3
       Hell |   29027 |   30693 |  51.4 |      49 |      43 |  46.7
      Zot:1 |   62467 |       0 |   0.0 |      53 |       0 |   0.0
      Zot:2 |   45644 |       0 |   0.0 |      45 |       0 |   0.0
      Zot:3 |   32749 |   15030 |  31.5 |      23 |      13 |  36.1
      Zot:4 |   34350 |    1522 |   4.2 |      21 |       4 |  16.0
      Zot:5 |   25316 |   80875 |  76.2 |      23 |      34 |  59.6
    Volcano |       0 |    5894 | 100.0 |       0 |      17 | 100.0
            +---------+---------+-------+---------+---------+-------
